 Dungeon Crawl Stone Soup version 0.23-a0-310-gdcc7a32 (webtiles) character file.

147 galech the Skirmisher (level 5, -2/41 HPs)
             Began as a Demonspawn Fighter on Oct 12, 2018.
             Killed by nerve-wracking pain
             ... invoked by a shadow imp
             ... summoned by Eustachio
              (5 damage)
             ... on level 4 of the Dungeon.
             The game lasted 00:03:05 (2356 turns).

galech the Skirmisher (Demonspawn Fighter)          Turns: 2356, Time: 00:03:06

Health: -2/41      AC: 13    Str: 17      XL:     5   Next: 8%
Magic:  5/5        EV:  7    Int:  9      God:
Gold:   127        SH:  8    Dex:  9 (13) Spells: 4/4 levels left

rFire    . . .     SeeInvis .   a - +0 war axe
rCold    + . .     Gourm    .   c - +0 shield
rNeg     . . .     Faith    .   b - +0 scale mail
rPois    .         Spirit   .   m - +0 helmet
rElec    .         Reflect  .   (no cloak)
rCorr    .         Harm     .   (no gloves)
MR       .....                  e - +2 pair of boots
Stlth    ..........             (no amulet)
HPRegen  0.13/turn              q - ring of protection from cold
MPRegen  0.09/turn              (no ring)

@: no status effects
A: claws 1, slimy green scales 1
a: no special abilities


You were on level 4 of the Dungeon.
You were very hungry.

You visited 1 branch of the dungeon, and saw 4 of its levels.

You collected 127 gold pieces.

Inventory:

Hand Weapons
 a - a +0 war axe (weapon)
Armour
 b - a +0 scale mail (worn)
 c - a +0 shield (worn)
 e - a +2 pair of boots (worn)
 m - a +0 helmet (worn)
Jewellery
 q - a ring of protection from cold (left claw)
Scrolls
 g - 5 scrolls of magic mapping {unknown}
 h - a scroll of amnesia {unknown}
 i - 6 scrolls of identify {unknown}
 j - a scroll of blinking {unknown}
 l - 2 scrolls of remove curse {unknown}
 n - 2 scrolls of noise {unknown}
 o - 2 scrolls of teleportation {unknown}
Potions
 d - a potion of might
 k - 3 potions of curing
 p - a potion of haste {unknown}
 r - 2 potions of flight {unknown}
Comestibles
 f - 3 rations


   Skills:
 + Level 3.4 Fighting
 + Level 3.3 Axes
 + Level 3.3 Armour
 + Level 1.0 Dodging
 + Level 3.3 Shields


You had 4 spell levels left.
You didn't know any spells.
Your spell library contained the following spells:

 Spells                   Type           Power        Failure   Level  Hunger
 Magic Dart               Conj           #...         99%         1    ##.....
 Blink                    Tloc           N/A          100%        2    ###....
 Call Imp                 Summ           #.......     100%        2    ###....
 Slow                     Hex            #.......     100%        2    ###....
 Conjure Flame            Conj/Fire      #.......     100%        3    ####...
 Mephitic Cloud           Conj/Pois/Air  #.......     100%        3    ####...
 Bolt of Magma            Conj/Fire/Erth #.........   100%        5    ######.
 Iskenderun's Battlesphe  Conj/Chrm      #.......     100%        5    ######.
 Venom Bolt               Conj/Pois      #.........   100%        5    ######.
 Iron Shot                Conj/Erth      #.........   100%        6    #######
 Orb of Destruction       Conj           #.........   100%        7    #######
 Spellforged Servitor     Conj/Summ      #.........   100%        7    #######


Dungeon Overview and Level Annotations

Branches:
Dungeon (4/15)
 Temple: D:4-7

Altars:
Ashenzari
Fedhas
Kikubaaqudgha
Nemelex Xobeh
Qazlal
Ru
Uskayaw
Yredelemnul
Zin

Annotations:
D:4 Eustachio


Innate Abilities, Weirdness & Mutations

You have sharp fingernails.
You are partially covered in slimy green scales. (AC +2)


Message History

The shadow imp hits you but does no damage.
You hit Eustachio but do no damage.
Eustachio is severely wounded.
You closely miss the river rat. You barely miss the shadow imp.
You barely miss the white imp. Eustachio hits you with a rapier.
* * * LOW HITPOINT WARNING * * *
You block the river rat's attack. The shadow imp hits you.
* * * LOW HITPOINT WARNING * * *
The white imp barely misses you.
You barely miss Eustachio.
Eustachio is severely wounded.
You slash the river rat!
You kill the river rat!
The river rat's corpse disappears in a puff of smoke!
You slash the shadow imp! You closely miss the white imp.
Eustachio growls, "To hell with you, honourless miscreant!"
Eustachio hits you but does no damage. The shadow imp gestures at you.
Pain shoots through your body!
You die...

#..# #..#
###.. #....
## #.#.# #.#
#.#.# #.#
#####.#.##%#
##....55§.<#
.......@§##.#
#...##@###
#.# #.. #5
#.# #. ## #.
#. #. ##


You could see Eustachio, 2 white imps and a shadow imp.

Vanquished Creatures
  An orc priest (D:3)
  A worker ant (D:3)
  A howler monkey skeleton (D:4)
  2 adders (D:2)
  A worm (D:2)
  2 leopard geckos (D:1)
  4 orcs (D:3)
  5 bats
  A giant cockroach (D:2)
  8 goblins
  7 hobgoblins
  6 jackals
  8 kobolds
  A frilled lizard (D:1)
  7 rats
  A plant (D:3)
56 creatures vanquished.

Notes
Turn   | Place    | Note
-------+----------+-------------------------------------------
     0 | D:1      | galech the Demonspawn Fighter began the quest for the Orb.
     0 | D:1      | Reached XP level 1. HP: 18/18 MP: 1/1
   157 | D:1      | Gained mutation: You have sharp fingernails. [demonic
                  | ancestry]
   157 | D:1      | Reached XP level 2. HP: 22/24 MP: 2/2
   183 | D:1      | Found a sparkling altar of Nemelex Xobeh.
   410 | D:1      | Reached XP level 3. HP: 26/29 MP: 3/3
   936 | D:2      | Gained mutation: You are partially covered in slimy green
                  | scales. (AC +2) [demonic ancestry]
   936 | D:2      | Reached XP level 4. HP: 35/35 MP: 4/4
  1424 | D:3      | Found a shattered altar of Ashenzari.
  1600 | D:3      | Found a hide-covered altar of Uskayaw.
  1600 | D:3      | Found a sacrificial altar of Ru.
  1600 | D:3      | Found a stormy altar of Qazlal.
  1600 | D:3      | Found a blossoming altar of Fedhas.
  1602 | D:3      | Found an ancient bone altar of Kikubaaqudgha.
  1646 | D:3      | Found a basalt altar of Yredelemnul.
  1730 | D:3      | Reached skill level 1 in Dodging
  1787 | D:3      | Found a glowing silver altar of Zin.
  2025 | D:3      | Reached XP level 5. HP: 41/41 MP: 5/5
  2211 | D:4      | Noticed Eustachio
  2356 | D:4      | Killed from afar by a shadow imp

Vault maps used:
D:1:      dpeg_arrival_concentric_ovals, hangedman_decor_peaks_small,
          st_stairs_7, hangedman_abyss_or_decor_lesser_grid,
          nemelex_xobeh_ov_fountains_minmay
D:2:      minmay_misc_feat_iff
D:3:      wad_woods_pond, overflow_temple_1_default, zin_academy,
          grunt_temple_overflow_open
D:4:      minmay_temple_entry_from_below_a, vehumet_altar_wand_db,
          uniq_eustachio

Skill      XL: |  1  2  3  4 |
---------------+-------------+-----
Shields        | 3 |  3.3
Axes           | 2 3 |  3.3
Armour         | 3 |  3.3
Dodging        | 1 |  1.0
Fighting       | |  3.4

Action                   |  1- 3 |  4- 6 || total
-------------------------+-------+-------++-------
Melee: War axe           |   133 |    97 ||   230
  Eat: Chunk             |       |     4 ||     4
Armor: Scale mail        |    74 |    97 ||   171
Dodge: Dodged            |    44 |    54 ||    98
Block: Shield            |    71 |    72 ||   143

Table legend:
 A = Non-vault XP
 B = Vault XP
 C = Vault XP percentage of total XP
 D = Non-vault monster count
 E = Vault monster count
 F = Vault count percentage of total count
                 A         B        C        D         E       F
            +---------+---------+-------+---------+---------+-------
      Total |     206 |       5 |   2.4 |      53 |       2 |   3.6
            +---------+---------+-------+---------+---------+-------
        D:1 |      44 |       2 |   4.3 |      25 |       1 |   3.8
        D:2 |      54 |       0 |   0.0 |      15 |       0 |   0.0
        D:3 |      94 |       3 |   3.1 |      12 |       1 |   7.7
        D:4 |      14 |       0 |   0.0 |       1 |       0 |   0.0
            +---------+---------+-------+---------+---------+-------
